PAAA
SALT LAKE CITY BUZZ @ TORTOLITA DRUMMERS
08/28/2022
 
TOP OF THE 1ST
Salt Lake City Buzz batting - Pitching for Tortolita Drummers : RHP Aaron Wise
Pitching: RHP Aaron Wise
Batting: RHB Roberto Ríos 0-0: Ground out 5-3 (Groundball, 56)
Batting: LHB Valentín Salas 0-0: Ball
1-0: Foul Ball, location: 2F
1-1: Ball
2-1: Ball
3-1: Base on Balls
Batting: RHB Oliver Aranda 0-0: Ball
1-0: Foul Ball, location: 2F
1-1: Ball
2-1: DOUBLE (Line Drive, 89S)
Valentín Salas to third
Batting: RHB Gustavo Mateo 0-0: Ball
1-0: Ball
2-0: Called Strike
2-1: Swinging Strike
2-2: Foul Ball, location: 2F
2-2: Foul Ball, location: 2F
2-2: Strikes out swinging
Batting: SHB Wayne Saunders 0-0: Called Strike
0-1: Called Strike
0-2: Strikes out looking
Top of the 1st over - 0 run(s), 1 hit(s), 0 error(s), 2 left on base; Salt Lake City 0 - Tortolita 0
BOTTOM OF THE 1ST
Tortolita Drummers batting - Pitching for Salt Lake City Buzz : RHP Nathaniel O'Heyne
Pitching: RHP Nathaniel O'Heyne
Batting: SHB Will Brock 0-0: Ball
1-0: Ball
2-0: Called Strike
2-1: Called Strike
2-2: Ground out 3-1 (Groundball, 34)
Batting: RHB Jorge Féliz 0-0: Ball
1-0: Ball
2-0: Called Strike
2-1: Swinging Strike
2-2: Ball
3-2: Base on Balls
Batting: SHB Roger Wheeler 0-0: Called Strike
0-1: Ball
1-1: Ball
2-1: Ball
Wild Pitch!
Jorge Féliz to second
3-1: Base on Balls
Batting: RHB Ray Whittier 0-0: Ball
1-0: Called Strike
1-1: Foul Ball, location: 2F
1-2: Ball
2-2: Ball
3-2: Foul Ball, location: 2F
3-2: Base on Balls
Jorge Féliz to third
Roger Wheeler to second
Batting: SHB Dan Godwin 0-0: Foul Ball, location: 2F
0-1: Ball
1-1: Ball
2-1: Ball
3-1: Swinging Strike
3-2: Base on Balls
Jorge Féliz scores
Roger Wheeler to third
Ray Whittier to second
Batting: RHB Jim Harris 0-0: Called Strike
0-1: Foul Ball, location: 2F
Balk!
Roger Wheeler scores
Ray Whittier to third
Dan Godwin to second
0-2: Fly out, F9 (Flyball, 89M)
Throwing error, E9
Ray Whittier scores
Dan Godwin to third
Batting: RHB Dan Lewis 0-0: Ball
1-0: Ball
2-0: Called Strike
2-1: Called Strike
2-2: Strikes out looking
Bottom of the 1st over - 3 run(s), 0 hit(s), 1 error(s), 1 left on base; Salt Lake City 0 - Tortolita 3
TOP OF THE 2ND
Salt Lake City Buzz batting - Pitching for Tortolita Drummers : RHP Aaron Wise
Batting: SHB Carlton Reed 0-0: Ball
1-0: Called Strike
1-1: Ball
2-1: Ball
3-1: Base on Balls
Batting: RHB Zach Lewis 0-0: Ball
1-0: Ball
2-0: Ball
3-0: Called Strike
3-1: Called Strike
3-2: Foul Ball, location: 2F
3-2: Base on Balls
Carlton Reed to second
Batting: RHB Jim Coffey 0-0: Called Strike
0-1: Ball
1-1: Called Strike
1-2: Ball
2-2: Ball
Wild Pitch!
Carlton Reed to third
Zach Lewis to second
3-2: Base on Balls
Batting: LHB George Huffman 0-0: Foul Ball, location: 2F
0-1: Ball
1-1: Swinging Strike
1-2: Strikes out looking
Batting: RHB Roberto Ríos 0-0: Foul Ball, location: 2F
0-1: Foul Ball, location: 2F
0-2: Ball
1-2: Ball
2-2: Fly out, F8 (Flyball, 8LM)
Runner from 3rd tags up, SCORES, throw made
Batting: LHB Valentín Salas 0-0: Called Strike
0-1: Ball
1-1: Called Strike
1-2: Ball
2-2: Fly out, F7 (Flyball, 78M)
Top of the 2nd over - 1 run(s), 0 hit(s), 0 error(s), 2 left on base; Salt Lake City 1 - Tortolita 3
BOTTOM OF THE 2ND
Tortolita Drummers batting - Pitching for Salt Lake City Buzz : RHP Nathaniel O'Heyne
Batting: LHB Adrián Franco 0-0: Ball
1-0: Foul Ball, location: 2F
1-1: Ball
2-1: Called Strike
2-2: Ground out 4-3 (Groundball, 4)
Batting: RHB Nick Reed 0-0: Ball
1-0: SINGLE (Line Drive, 6D)
Batting: SHB Will Brock 0-0: Foul Ball, location: 2F
0-1: Ball
1-1: Ball
2-1: DOUBLE (Flyball, 9LD)
Nick Reed to third
Batting: RHB Jorge Féliz 0-0: Foul Ball, location: 2F
0-1: Foul Ball, location: 2F
0-2: Ball
1-2: Strikes out looking
Batting: SHB Roger Wheeler 0-0: Ball
1-0: Swinging Strike
1-1: Called Strike
1-2: Foul Ball, location: 2F
1-2: Ball
2-2: Ball
3-2: Base on Balls
Batting: RHB Ray Whittier 0-0: Ball
1-0: Foul Ball, location: 2F
1-1: Ball
2-1: Called Strike
2-2: Foul Ball, location: 2F
2-2: Foul Ball, location: 2F
2-2: Fly out, F9 (Flyball, 9LS)
Bottom of the 2nd over - 0 run(s), 2 hit(s), 0 error(s), 3 left on base; Salt Lake City 1 - Tortolita 3
TOP OF THE 3RD
Salt Lake City Buzz batting - Pitching for Tortolita Drummers : RHP Aaron Wise
Batting: RHB Oliver Aranda 0-0: Ball
1-0: Ball
2-0: Called Strike
2-1: SINGLE (Line Drive, 78S)
Batting: RHB Gustavo Mateo 0-0: Ball
Error on foul ball, E2
1-1: Ball
2-1: SINGLE (Line Drive, 8LS)
Oliver Aranda to second
Runner from 2nd tries for 3rd, SAFE, throw made to third
Gustavo Mateo to second
Batting: SHB Wayne Saunders 0-0: Ball
1-0: Ball
2-0: Ground out 1-3 (Groundball, 15)
Batting: SHB Carlton Reed 0-0: Fly out, F2 (Popup, 2RF)
Batting: RHB Zach Lewis 0-0: Called Strike
0-1: Called Strike
0-2: Ball
1-2: Ball
2-2: Strikes out swinging
Top of the 3rd over - 0 run(s), 2 hit(s), 1 error(s), 2 left on base; Salt Lake City 1 - Tortolita 3
BOTTOM OF THE 3RD
Tortolita Drummers batting - Pitching for Salt Lake City Buzz : RHP Nathaniel O'Heyne
Batting: SHB Dan Godwin 0-0: Called Strike
0-1: Fly out, F6 (Popup, 6D)
Batting: RHB Jim Harris 0-0: Ball
1-0: Ball
2-0: Called Strike
2-1: Swinging Strike
2-2: Foul Ball, location: 2F
2-2: Fly out, F4 (Popup, 4)
Batting: RHB Dan Lewis 0-0: SINGLE (Line Drive, 7LS)
Batting: LHB Adrián Franco 0-0: Ball
1-0: Swinging Strike
1-1: Ball
2-1: Swinging Strike
2-2: Ball
Dan Lewis steals 2nd base
3-2: Foul Ball, location: 2F
3-2: Foul Ball, location: 2F
3-2: Fly out, F7 (Flyball, 7LM)
Bottom of the 3rd over - 0 run(s), 1 hit(s), 0 error(s), 1 left on base; Salt Lake City 1 - Tortolita 3
TOP OF THE 4TH
Salt Lake City Buzz batting - Pitching for Tortolita Drummers : RHP Aaron Wise
Batting: RHB Jim Coffey 0-0: Foul Ball, location: 2F
0-1: Foul Ball, location: 2F
0-2: Ball
1-2: Ball
2-2: Strikes out looking
Batting: LHB George Huffman 0-0: Ground out 4-3 (Groundball, 4S)
Batting: RHB Roberto Ríos 0-0: Ball
1-0: Swinging Strike
1-1: Ball
2-1: Fly out, F8 (Flyball, 8LM)
Top of the 4th over - 0 run(s), 0 hit(s), 0 error(s), 0 left on base; Salt Lake City 1 - Tortolita 3
BOTTOM OF THE 4TH
Tortolita Drummers batting - Pitching for Salt Lake City Buzz : RHP Nathaniel O'Heyne
Pitching: RHP Alberto García
Batting: RHB Nick Reed 0-0: Fly out, F6 (Line Drive, 6)
Batting: SHB Will Brock 0-0: Foul Ball, location: 2F
0-1: Ball
1-1: Foul Ball, location: 2F
1-2: Fly out, F8 (Flyball, 8RM)
Batting: RHB Jorge Féliz 0-0: Foul Ball, location: 2F
0-1: Ball
1-1: Ball
2-1: Foul Ball, location: 2F
2-2: Foul Ball, location: 2F
2-2: Foul Ball, location: 2F
2-2: Ball
3-2: Base on Balls
Batting: SHB Roger Wheeler 0-0: Ball
1-0: Called Strike
Jorge Féliz steals 2nd base
1-1: Swinging Strike
1-2: Strikes out swinging
Bottom of the 4th over - 0 run(s), 0 hit(s), 0 error(s), 1 left on base; Salt Lake City 1 - Tortolita 3
TOP OF THE 5TH
Salt Lake City Buzz batting - Pitching for Tortolita Drummers : RHP Aaron Wise
Batting: LHB Valentín Salas 0-0: Ball
1-0: Fly out, F8 (Flyball, 8RM)
Batting: RHB Oliver Aranda 0-0: Ball
1-0: Ball
2-0: Foul Ball, location: 2F
2-1: Called Strike
2-2: Foul Ball, location: 2F
2-2: Fly out, F8 (Flyball, 8LS)
Batting: RHB Gustavo Mateo 0-0: Called Strike
0-1: Swinging Strike
0-2: Foul Ball, location: 2F
0-2: Foul Ball, location: 2F
0-2: Fly out, F9 (Flyball, 9LM)
Top of the 5th over - 0 run(s), 0 hit(s), 0 error(s), 0 left on base; Salt Lake City 1 - Tortolita 3
BOTTOM OF THE 5TH
Tortolita Drummers batting - Pitching for Salt Lake City Buzz : RHP Alberto García
Batting: RHB Ray Whittier 0-0: Fly out, F9 (Flyball, 9LMF)
Batting: SHB Dan Godwin 0-0: Called Strike
0-1: Foul Ball, location: 2F
0-2: Ball
1-2: Foul Ball, location: 2F
1-2: Strikes out swinging
Batting: RHB Jim Harris 0-0: Ball
1-0: Ball
2-0: Ball
3-0: Called Strike
3-1: Base on Balls
Batting: RHB Dan Lewis 0-0: Ball
Jim Harris steals 2nd base
1-0: Called Strike
1-1: Called Strike
1-2: Foul Ball, location: 2F
1-2: Fly out, F6 (Popup, 6MD)
Bottom of the 5th over - 0 run(s), 0 hit(s), 0 error(s), 1 left on base; Salt Lake City 1 - Tortolita 3
TOP OF THE 6TH
Salt Lake City Buzz batting - Pitching for Tortolita Drummers : RHP Aaron Wise
Pitching: RHP Curt Pennington
Batting: SHB Wayne Saunders 0-0: Called Strike
0-1: Called Strike
0-2: Ball
1-2: Strikes out looking
Batting: SHB Carlton Reed 0-0: Fly out, F4 (Popup, 34)
Batting: RHB Zach Lewis 0-0: Ball
1-0: Ball
2-0: Foul Ball, location: 2F
2-1: Foul Ball, location: 2F
2-2: Ball
3-2: Ground out U3 (Groundball, 3S)
Top of the 6th over - 0 run(s), 0 hit(s), 0 error(s), 0 left on base; Salt Lake City 1 - Tortolita 3
BOTTOM OF THE 6TH
Tortolita Drummers batting - Pitching for Salt Lake City Buzz : RHP Alberto García
Batting: LHB Adrián Franco 0-0: Called Strike
0-1: Fly out, F8 (Flyball, 8RD)
Batting: RHB Nick Reed 0-0: Ball
1-0: Foul Ball, location: 2F
1-1: Foul Ball, location: 2F
1-2: DOUBLE (Line Drive, 5D)
Batting: SHB Will Brock 0-0: Ball
1-0: Ball
2-0: Swinging Strike
2-1: Foul Ball, location: 2F
2-2: Ball
3-2: DOUBLE (Line Drive, 9LM)
Nick Reed scores
Batting: RHB Jorge Féliz 0-0: Intentional Walk
Batting: SHB Roger Wheeler 0-0: Swinging Strike
0-1: Ball
1-1: Ball
2-1: Swinging Strike
2-2: Foul Ball, location: 2F
2-2: Grounds into double play, 4-6-3 (Groundball, 4)
Bottom of the 6th over - 1 run(s), 2 hit(s), 0 error(s), 1 left on base; Salt Lake City 1 - Tortolita 4
TOP OF THE 7TH
Salt Lake City Buzz batting - Pitching for Tortolita Drummers : RHP Curt Pennington
Batting: RHB Jim Coffey 0-0: Ball
1-0: Swinging Strike
1-1: Ground out 6-3 (Groundball, 6)
Batting: LHB George Huffman 0-0: Ball
1-0: Called Strike
1-1: Ball
2-1: Ball
3-1: Called Strike
3-2: SINGLE (Line Drive, 78S)
Batting: RHB Roberto Ríos 0-0: Ball
1-0: Ball
2-0: DOUBLE (Line Drive, 5L)
George Huffman to third
Batting: LHB Valentín Salas 0-0: Ball
1-0: Fly out, F9 (Line Drive, 9LS)
Runner from 3rd tags up, SCORES, no throw
Batting: RHB Oliver Aranda 0-0: Ground out 5-3 (Groundball, 56S)
Top of the 7th over - 1 run(s), 2 hit(s), 0 error(s), 1 left on base; Salt Lake City 2 - Tortolita 4
BOTTOM OF THE 7TH
Tortolita Drummers batting - Pitching for Salt Lake City Buzz : RHP Alberto García
Batting: RHB Ray Whittier 0-0: Called Strike
0-1: Foul Ball, location: 2F
0-2: Ball
1-2: Ball
2-2: Ground out 6-3 (Groundball, 6)
Batting: SHB Dan Godwin 0-0: Called Strike
0-1: Ball
1-1: Ball
2-1: Ground out 3-1 (Groundball, 34)
Batting: RHB Jim Harris 0-0: Ball
1-0: Ball
2-0: SINGLE (Groundball, 4M)
Batting: RHB Dan Lewis 0-0: Ball
1-0: Called Strike
1-1: Ball
Jim Harris is caught stealing 2nd base
Bottom of the 7th over - 0 run(s), 1 hit(s), 0 error(s), 0 left on base; Salt Lake City 2 - Tortolita 4
TOP OF THE 8TH
Salt Lake City Buzz batting - Pitching for Tortolita Drummers : RHP Curt Pennington
Batting: RHB Gustavo Mateo 0-0: Called Strike
0-1: Foul Ball, location: 2F
0-2: Strikes out looking
Batting: SHB Wayne Saunders 0-0: Foul Ball, location: 2F
0-1: Foul Ball, location: 2F
0-2: Foul Ball, location: 2F
0-2: Ball
1-2: Strikes out swinging
Batting: SHB Carlton Reed 0-0: Ball
1-0: Foul Ball, location: 2F
1-1: DOUBLE (Flyball, 8RM)
Batting: RHB Zach Lewis 0-0: Ball
1-0: Called Strike
1-1: Foul Ball, location: 2F
1-2: Fly out, F3 (Popup, 34)
Top of the 8th over - 0 run(s), 1 hit(s), 0 error(s), 1 left on base; Salt Lake City 2 - Tortolita 4
BOTTOM OF THE 8TH
Tortolita Drummers batting - Pitching for Salt Lake City Buzz : RHP Alberto García
Batting: RHB Dan Lewis 0-0: Swinging Strike
0-1: Called Strike
0-2: Strikes out swinging
Batting: LHB Adrián Franco 0-0: Called Strike
0-1: Foul Ball, location: 2F
0-2: Strikes out looking
Batting: RHB Nick Reed 0-0: DOUBLE (Line Drive, 9LS)
Batting: SHB Will Brock 0-0: Called Strike
0-1: Ball
Wild Pitch!
Nick Reed to third
1-1: Foul Ball, location: 2F
1-2: Fly out, F6 (Popup, 4MD)
Bottom of the 8th over - 0 run(s), 1 hit(s), 0 error(s), 1 left on base; Salt Lake City 2 - Tortolita 4
TOP OF THE 9TH
Salt Lake City Buzz batting - Pitching for Tortolita Drummers : RHP Curt Pennington
Pitching: RHP Pete Wood
Batting: RHB Jim Coffey 0-0: Ball
1-0: Ball
2-0: Ball
3-0: Base on Balls
Pinch Hitting: SHB Felipe González 0-0: Ball
1-0: Foul Ball, location: 2F
1-1: Ball
2-1: Foul Ball, location: 2F
2-2: Strikes out swinging
Pinch Hitting: LHB Fernando González 0-0: Foul Ball, location: 2F
0-1: Swinging Strike
0-2: Ball
1-2: Ball
2-2: Ball
3-2: Base on Balls
Jim Coffey to second
Batting: LHB Valentín Salas 0-0: Ball
1-0: Called Strike
1-1: Ball
2-1: Ball
3-1: Foul Ball, location: 2F
3-2: SINGLE (Groundball, 34D)
Jim Coffey to third
Fernando González to second
Runner from 3rd tries for Home, SAFE, throw made home
Pinch Runner at 2nd Juan Martínez:
Batting: RHB Oliver Aranda 0-0: SINGLE (Groundball, 56D)
Juan Martínez to third
Valentín Salas to second
Batting: RHB Gustavo Mateo 0-0: Ball
1-0: Ball
2-0: Called Strike
2-1: Foul Ball, location: 2F
2-2: Strikes out swinging
Batting: SHB Wayne Saunders 0-0: Called Strike
0-1: Called Strike
0-2: Ball
1-2: Ground out 1-3 (Groundball, 15)
Top of the 9th over - 1 run(s), 2 hit(s), 0 error(s), 3 left on base; Salt Lake City 3 - Tortolita 4
This league is powered by Out of the Park Baseball, the baseball management simulation game for PC, Mac and Linux
Friday, April 15th, 2016 - OOTP Baseball 16.9 Build 39